 Dungeon Crawl Stone Soup version 0.30-a0-52-g86a8295270 (webtiles) character file.

Game seed: 9493311447923710391

707 Newt the Ruffian (level 7, -1/70 HPs)
             Began as a Troll Warper on Sept 6, 2022.
             Was an Initiate of Zin.
             Slain by a gnoll sergeant
             ... wielding a +1 spear of venom
              (12 damage)
             ... on level 5 of the Dungeon.
             The game lasted 00:05:47 (4216 turns).

Newt the Ruffian (Troll Warper)                     Turns: 4216, Time: 00:05:48

Health: -1/70      AC:  4    Str: 22    XL:     7   Next: 40%
Magic:  9/9        EV:  9    Int:  9    God:    Zin [......]
Gold:   98         SH:  0    Dex:  9    Spells: 8/10 levels left

rFire   . . .      SeeInvis +      - Unarmed
rCold   + . .      Faith    .    (no shield)
rNeg    . . .      Spirit   .    a - +0 robe
rPois   .          Reflect  .    (helmet restricted)
rElec   .          Harm     .    (no cloak)
rCorr   .          Rampage  .    (gloves unavailable)
Will    .....                    (boots unavailable)
Stlth   +.........               (no amulet)
HPRegen 1.01/turn                l - ring of see invisible
MPRegen 0.11/turn                j - ring of protection from cold

@: lethally poisoned (-1 -> -18)
A: large, unfitting armour, claws 3, regeneration 1, shaggy fur 1, tough skin 1
a: Renounce Religion, Donate Gold


You were on level 5 of the Dungeon.
You worshipped Zin.
Zin was noncommittal.
You visited 1 branch of the dungeon, and saw 5 of its levels.

You collected 108 gold pieces.
You donated 10 gold pieces to Zin.

Inventory:

Hand Weapons
 e - the +1 trident of Ofenevop {drain, +Blink rN+}
   (You found it on level 5 of the Dungeon)

   A truly terrible weapon, it drains the life of any living foe it strikes.
   rN:        It protects you from negative energy.
   +Blink:    It lets you blink.
   Zin disapproves of the use of such an item.
Missiles
 c - 7 boomerangs of dispersal (quivered)
 q - a throwing net
 u - a boomerang
Armour
 a - a +0 robe (worn)
Jewellery
 j - a ring of protection from cold (right claw)
 l - a ring of see invisible (left claw)
Wands
 n - a wand of digging (7)
Scrolls
 b - 3 scrolls of blinking
 g - 4 scrolls of teleportation
 i - a scroll of fear
 o - a scroll of magic mapping
 r - a scroll of vulnerability {unknown}
 v - a scroll of amnesia
Potions
 d - a potion of flight {unknown}
 f - 2 potions of resistance
 h - a potion of brilliance {unknown}
 k - a potion of heal wounds {unknown}
 m - a potion of haste {unknown}
 p - a potion of attraction {unknown}
 s - a potion of berserk rage {unknown}
 t - a potion of ambrosia {unknown}


   Skills:
 - Level 4.0 Fighting
 - Level 0.8 Throwing
 - Level 1.9 Dodging
 - Level 1.5 Stealth
 - Level 4.0 Unarmed Combat
 - Level 2.0 Spellcasting
 + Level 3.9 Translocations


You had 8 spell levels left.
You knew the following spells:

 Your Spells              Type           Power      Damage    Failure   Level
a - Blink                 Tloc           16%        N/A       10%         2

Your spell library contained the following spells:

 Spells                   Type           Power      Damage    Failure   Level
 Gell's Gravitas          Tloc           8%         N/A       21%         3
 Lesser Beckoning         Tloc           8%         N/A       21%         3
 Teleport Other           Tloc           8%         N/A       21%         3
 Necrotise                Necr           0%         1d4       32%         1
 Ignite Poison            Fire/Tmut/Pois 0%         N/A       69%         3
 Iskenderun's Mystic Bla  Conj/Tloc      4%         2d3       83%         4
 Manifold Assault         Tloc           8%         N/A       88%         5
 Freezing Cloud           Conj/Ice/Air   0%         6-21      100%        5
 Death Channel            Necr           0%         N/A       100%        6
 Starburst                Conj/Fire      0%         6d3       100%        6
 Borgnjor's Revivificati  Necr           0%         N/A       100%        8
 Necromutation            Tmut/Necr      0%         N/A       100%        8
 Death's Door             Necr           0%         N/A       100%        9


Dungeon Overview and Level Annotations

Branches:
Dungeon (5/15)
 Temple: D:4-7

Altars:
Dithmenos
Fedhas
Okawaru
Trog
Vehumet
Zin
The Shining One


Innate Abilities, Weirdness & Mutations

You are too large for most types of armour.
You have claws for hands.
Your natural rate of healing is unusually fast.
You are covered in fur. (AC +1)
You have tough skin. (AC +1)


Message History

The shadow imp is severely wounded.
The shadow imp hits you.
You claw the shadow imp!
You kill the shadow imp!
There is a large open translucent door, spattered with blood here.
You see here the Commentary on Conflict.
You pick up the Commentary on Conflict and begin reading...
You add the spells Iskenderun's Mystic Blast and Freezing Cloud to your library.
You see here a scroll of amnesia.
v - a scroll of amnesia The gnoll sergeant shouts!
The gnoll sergeant hits you with a +1 spear of venom!
You are poisoned.
You barely miss the gnoll sergeant.
You feel very sick. The gnoll sergeant misses you.
You barely miss the gnoll sergeant.
You feel very sick.
The gnoll sergeant hits you with a +1 spear of venom.
You are more poisoned.
You scratch the gnoll sergeant.
The gnoll sergeant is lightly wounded.
You feel very sick.
The gnoll sergeant hits you with a +1 spear of venom!
You are more poisoned.
You scratch the gnoll sergeant.
The gnoll sergeant is moderately wounded.
You feel extremely sick.
The gnoll sergeant hits you with a +1 spear of venom!
You are lethally poisoned!
You scratch the gnoll sergeant.
The gnoll sergeant is moderately wounded.
* * * LOW HITPOINT WARNING * * *
You feel extremely sick.
You claw the gnoll sergeant!
The gnoll sergeant is severely wounded.
* * * LOW HITPOINT WARNING * * *
You feel very sick.
The gnoll sergeant hits you with a +1 spear of venom!
You die...

..#.# #...#.......##....###.
.##.# #.....)......#........
)##.# #.'.##''##.....#....###.
).#.# ## ##8..8##....#....# #.
))..## #8....8#.........# #.
..>..# #......#.###.....# #.
..>..###### #......#.###.....# ##
..#.##....# #8....8#..##.....#
###.#..#######8.@8##..##.#####
#.#.##.#.).##'g##...<..#
#.#†#)#..#...........###
###.#.####.#.###.....#.# ##
....##....##.# #######.# ###.
.....######..# ##.# ####...
........)...## ######..####....##
....############............###..
##.................##.########..#


You could see a gnoll sergeant.

Vanquished Creatures
  An ogre (D:5)
  A centaur (D:5)
  A scorpion (D:4)
  2 howler monkeys (D:5)
  A hound (D:5)
  Ijyb (D:4)
  2 iguanas
  Terence (D:3)
  8 gnolls
  6 adders
  A shadow imp (D:5)
  A white imp (D:5)
  An ufetubus (D:5)
  4 worms
  2 dart slugs
  11 orcs
  5 ball pythons
  12 bats
  5 endoplasms
  A giant cockroach (D:3)
  8 goblins
  11 hobgoblins
  4 jackals (D:3)
  5 quokkas
  4 frilled lizards
  15 kobolds
  6 rats
120 creatures vanquished.

Notes
Turn   | Place    | Note
-------+----------+-------------------------------------------
     0 | D:1      | Newt the Troll Warper began the quest for the Orb.
     0 | D:1      | Reached XP level 1. HP: 19/19 MP: 1/1
    25 | D:1      | Reached skill level 1 in Stealth
    25 | D:1      | Reached XP level 2. HP: 21/27 MP: 2/2
   416 | D:1      | Found a faded altar of an unknown god.
   464 | D:2      | Reached XP level 3. HP: 33/33 MP: 3/3
   742 | D:2      | Reached XP level 4. HP: 41/41 MP: 4/4
  1024 | D:3      | Found a blossoming altar of Fedhas.
  1288 | D:3      | Found a radiant altar of Vehumet.
  1366 | D:3      | Noticed Terence
  1372 | D:3      | Killed Terence
  1373 | D:3      | Reached XP level 5. HP: 46/49 MP: 5/5
  2380 | D:4      | Reached XP level 6. HP: 44/61 MP: 6/6
  2550 | D:4      | Noticed Ijyb
  2561 | D:4      | Killed Ijyb
  3203 | D:4      | Found a bloodstained altar of Trog.
  3307 | D:5      | Entered Level 5 of the Dungeon
  3307 | D:5      | Found a large runed translucent door.
  3307 | D:5      | Found a large runed translucent door.
  3311 | D:5      | Found a large runed translucent door.
  3311 | D:5      | Found a large runed translucent door.
  3311 | D:5      | Noticed a wyvern
  3347 | D:5      | Found a shadowy altar of Dithmenos.
  3348 | D:5      | Found a glowing silver altar of Zin.
  3425 | D:5      | Found a glowing golden altar of the Shining One.
  3484 | D:5      | Found an iron altar of Okawaru.
  3559 | D:5      | Became a worshipper of Zin the Law-Giver
  3681 | D:5      | Reached XP level 7. HP: 53/70 MP: 9/9
  3704 | D:5      | Got the Octavo of Red-Hot Gloom
  3746 | D:5      | Learned a level 2 spell: Blink
  3838 | D:5      | HP: 3/70 [wyvern (16)]
  3854 | D:5      | Identified the +1 trident of Ofenevop {drain, +Blink rN+}
  4203 | D:5      | Got the Commentary on Conflict
  4216 | D:5      | Slain by a gnoll sergeant

Illustrated notes

Levels and vault maps discovered:
D:1:      heliophobic_arrival_ceremonial_halls, layout_rooms,
          nicolae_ecumenical_lake_church
D:2:      minmay_recursive_quarters, layout_basic
D:3:      layout_basic, mainiacjoe_overflow_alcove_1,
          mainiacjoe_overflow_tiny_flanked, serial_rivers,
          chequers_serial_rivers_large_a, chequers_serial_rivers_micro_d,
          chequers_serial_rivers_micro_a, chequers_serial_rivers_small_b,
          uniq_terence
D:4:      layout_loops_ring, trog_hazing_becter, kennysheep_pointless_box,
          minmay_crystal_room, uniq_ijyb
D:5:      layout_rooms, mainiacjoe_overflow_divided_tiny, okawaru_gym_becter,
          lemuel_doored_altar, minmay_hollow_rounded_squares

Skill      XL: |  1  2  3  4  5  6 |
---------------+-------------------+-----
Stealth        | 1 |  1.5
Unarmed Combat | 3 4 |  4.0
Fighting       | 2 3 4 |  4.0
Spellcasting   | 2 |  2.0
Translocations | 3 |  3.9
Throwing       | |  0.8
Dodging        | |  1.9

Action                   |  1- 3 |  4- 6 |  7- 9 || total
-------------------------+-------+-------+-------++-------
Melee: Unarmed           |   116 |   220 |    33 ||   369
       Punch             |     2 |     5 |       ||     7
 Cast: Blink             |       |       |     1 ||     1
  Use: Scroll            |     6 |     5 |     2 ||    13
       Potion            |       |     1 |     2 ||     3
 Stab: Sleeping          |     1 |     2 |       ||     3
       Distracted        |       |     1 |       ||     1
Armor: Robe              |    52 |    74 |     8 ||   134
Dodge: Dodged            |    61 |    80 |    19 ||   160

Table legend: (Time is in decaauts)
 A = Elapsed time spent in this place.
 B = Non-inter-level travel time spent in this place.
 C = Inter-level travel time spent in this place.
 D = Time resting spent in this place.
 E = Time spent auto-exploring this place.
 F = Levels seen in this place.
 G = Mean time per level.
                   A        B        C        D        E       F      G
               +--------+--------+--------+--------+--------+-----+--------+
         Total |   4201 |   4049 |    152 |    884 |   2341 |   5 |  840.2 |
       Dungeon |   4201 |   4049 |    152 |    884 |   2341 |   5 |  840.2 |
               +--------+--------+--------+--------+--------+-----+--------+

Top non-repeatable levels by time:
     D:4: 1450 daAuts
     D:5: 903 daAuts
     D:3: 830 daAuts
     D:2: 565 daAuts
     D:1: 452 daAuts
